 Dungeon Crawl Stone Soup version 0.30-a0-341-g682706514a (webtiles) character file.

Game seed: 14751692901129596211

614 LutherGrant the Slasher (level 7, -1/55 HPs)
             Began as a Formicid Fighter on Nov 1, 2022.
             Slain by Duvessa
             ... wielding a +0 short sword
              (5 damage)
             ... on level 5 of the Dungeon.
             The game lasted 00:05:17 (3182 turns).

LutherGrant the Slasher (Formicid Fighter)          Turns: 3182, Time: 00:05:17

Health: -1/55      AC:  7    Str: 22    XL:     7   Next: 73%
Magic:  7/7        EV: 10    Int:  8    God:
Gold:   242        SH:  6    Dex: 19    Spells: 6/6 levels left

rFire   . . .      SeeInvis +    a - +0 long sword
rCold   . . .      Faith    .    c - +0 buckler
rNeg    . . .      Spirit   .    b - +0 scale mail
rPois   .          Reflect  .    (helmet unavailable)
rElec   .          Harm     .    (no cloak)
rCorr   .          Rampage  .    (no gloves)
Will    .....                    (no boots)
Stlth   +.........               (no amulet)
HPRegen 0.29/turn                o - +6 ring of dexterity
MPRegen 0.10/turn                (no ring)

@: mighty
A: permanent stasis, dig shafts and tunnels, antennae 3, four strong arms
a: Dig, Shaft Self


You were on level 5 of the Dungeon.
You visited 1 branch of the dungeon, and saw 5 of its levels.

You collected 242 gold pieces.

Inventory:

Hand Weapons
 a - a +0 long sword (weapon)
Armour
 b - a +0 scale mail (worn)
 c - a +0 buckler (worn)
Jewellery
 o - a +6 ring of dexterity (left hand)
 p - a ring of magical power
 r - a +6 ring of intelligence
Wands
 x - a wand of iceblast (8)
 y - a wand of digging (2)
Scrolls
 f - 3 scrolls of teleportation {unknown}
 g - 2 scrolls of enchant armour {unknown}
 h - 3 scrolls of identify
 i - 4 scrolls of vulnerability
 l - a scroll of acquirement {unknown}
 m - 6 scrolls of amnesia
 t - a scroll of magic mapping {unknown}
 u - 2 scrolls of silence {unknown}
Potions
 e - 4 potions of heal wounds
 j - 2 potions of mutation {unknown}
 k - 2 potions of ambrosia {unknown}
 n - a potion of berserk rage {unknown}
 q - 3 potions of flight {unknown}
 s - a potion of degeneration {unknown}
 v - a potion of invisibility {unknown}
 w - a potion of lignification {unknown}


   Skills:
 + Level 4.8 Fighting
 + Level 5.5 Long Blades
 + Level 4.9 Armour
 + Level 1.2 Dodging
 + Level 1.2 Stealth
 + Level 5.3 Shields


You had 6 spell levels left.
You didn't know any spells.
Your spell library was empty.

Dungeon Overview and Level Annotations

Branches:
Dungeon (5/15)
 Temple: D:4-7

Altars:
Dithmenos
Elyvilon
Fedhas
Makhleb
Zin
The Shining One

Shops:
D:3 (

Annotations:
D:5 Duvessa


Innate Abilities, Weirdness & Mutations

You cannot be hasted, slowed, berserked, paralysed or teleported.
You can dig through walls and to a lower floor.
You have a pair of large antennae on your head. (SInv)
Your four strong arms can wield two-handed weapons with a shield.


Message History

No target in view!
No target in view!
No target in view!
No target in view!
No target in view!
No target in view!
No target in view!
No target in view!
No target in view!
y - a wand of digging (2)
Things that are here:
a +0 dagger; a +0 robe Duvessa, Sister of Dowan comes into view.
She is wielding a +0 short sword.
Found three altars.
Duvessa shouts!
Duvessa goes berserk!
Duvessa rages.
Duvessa misses you. You block Duvessa's attack.
You hit Duvessa.
Duvessa is lightly wounded.
Duvessa hits you with a +0 short sword! You block Duvessa's attack.
You hit Duvessa.
Duvessa is lightly wounded.
Duvessa hits you with a +0 short sword!
You hit Duvessa.
Duvessa is lightly wounded.
Duvessa hits you with a +0 short sword! Duvessa completely misses you.
You are too injured to fight recklessly!
You feel very mighty all of a sudden. You block Duvessa's attack.
Duvessa hits you with a +0 short sword!
* * * LOW HITPOINT WARNING * * *
You hit Duvessa.
Duvessa is moderately wounded.
Duvessa closely misses you.
You hit Duvessa.
Duvessa is moderately wounded.
Duvessa hits you with a +0 short sword.
* * * LOW HITPOINT WARNING * * *
Duvessa hits you with a +0 short sword.
You die...

....
........)..##.##
.... #.###....###.#
.####.#.......## #.#
### #.#.##...##8 #.#
..# #.#.....##.. #.#
#.# #.#....##... #.#
# #.#...##....##.#
.. #....##..._.88.#
#.# #...##8._8.e@..#
#..##....##..._.88.#
#.#.#.....##....##.#
#.##..###..##... #.#
#.###.# #..##.. #.#
#.# #.####...##8 #.#
#.###.........## #.#
...........##.. .#
.###########


You could see Duvessa (berserk).

Vanquished Creatures
  A black bear (D:5)
  A bullfrog (D:5)
  3 scorpions
  Dowan (D:5)
  A howler monkey (D:5)
  An iguana (D:4)
  Ijyb (D:3)
  8 adders
  2 worms
  2 dart slugs
  10 orcs
  5 ball pythons
  5 endoplasms
  4 giant cockroaches
  10 goblins
  6 hobgoblins
  4 kobolds
  4 quokkas
  4 bats
  4 frilled lizards
  6 rats
83 creatures vanquished.

Notes
Turn   | Place    | Note
-------+----------+-------------------------------------------
     0 | D:1      | LutherGrant the Formicid Fighter began the quest for the
                  | Orb.
     0 | D:1      | Reached XP level 1. HP: 18/18 MP: 1/1
    53 | D:1      | Reached XP level 2. HP: 24/24 MP: 2/2
   283 | D:1      | Reached XP level 3. HP: 28/29 MP: 3/3
   875 | D:2      | Reached XP level 4. HP: 35/37 MP: 4/4
  1358 | D:3      | Found Kiggaz's Weapon Boutique.
  1538 | D:3      | Found a blossoming altar of Fedhas.
  1542 | D:3      | Reached XP level 5. HP: 42/42 MP: 5/5
  1546 | D:3      | Reached skill level 5 in Shields
  1704 | D:3      | Noticed Ijyb
  1747 | D:3      | Killed Ijyb
  2343 | D:4      | Reached XP level 6. HP: 45/48 MP: 6/6
  2627 | D:4      | Found a burning altar of Makhleb.
  2729 | D:4      | Found a shadowy altar of Dithmenos.
  2766 | D:5      | Entered Level 5 of the Dungeon
  2891 | D:5      | Noticed a black bear
  2897 | D:5      | Reached skill level 5 in Long Blades
  2897 | D:5      | Reached skill level 1 in Dodging
  2897 | D:5      | Reached XP level 7. HP: 52/55 MP: 7/7
  2901 | D:5      | Reached skill level 1 in Stealth
  3119 | D:5      | Noticed Dowan
  3135 | D:5      | Killed Dowan
  3173 | D:5      | Found a glowing silver altar of Zin.
  3173 | D:5      | Found a white marble altar of Elyvilon.
  3173 | D:5      | Found a glowing golden altar of the Shining One.
  3173 | D:5      | Noticed Duvessa
  3182 | D:5      | Slain by Duvessa

Illustrated notes

Levels and vault maps discovered:
D:1:      dpeg_arrival_court, layout_basic
D:2:      minmay_alternating_diamond, layout_basic
D:3:      layout_basic, old_standard_altar, serial_shops,
          nicolae_shop_bloodbath_and_beyond, uniq_ijyb
D:4:      layout_cave_pools, lemuel_coloured_pillars_altar, kennysheep_mini_moat
D:5:      layout_basic, dreamdust_divine_triumvirate, minmay_chambers_of_fives,
          uniq_duvessa

Skill      XL: |  1  2  3  4  5  6  7 |
---------------+----------------------+-----
Long Blades    | 3 4 5 |  5.5
Shields        | 5 |  5.3
Armour         | 4 |  4.9
Fighting       | 4 |  4.8
Dodging        | 1 |  1.2
Stealth        | 1 |  1.2

Action                   |  1- 3 |  4- 6 |  7- 9 || total
-------------------------+-------+-------+-------++-------
Melee: Long sword        |   102 |   169 |    32 ||   303
  Use: Scroll            |       |     3 |       ||     3
       Potion            |       |       |     1 ||     1
Armor: Scale mail        |    90 |    70 |     9 ||   169
Dodge: Dodged            |    69 |    72 |    18 ||   159
Block: Buckler           |    48 |    36 |    13 ||    97

Table legend: (Time is in decaauts)
 A = Elapsed time spent in this place.
 B = Non-inter-level travel time spent in this place.
 C = Inter-level travel time spent in this place.
 D = Time resting spent in this place.
 E = Time spent auto-exploring this place.
 F = Levels seen in this place.
 G = Mean time per level.
                   A        B        C        D        E       F      G
               +--------+--------+--------+--------+--------+-----+--------+
         Total |   3263 |   3157 |    106 |    189 |   2285 |   5 |  652.6 |
       Dungeon |   3263 |   3157 |    106 |    189 |   2285 |   5 |  652.6 |
               +--------+--------+--------+--------+--------+-----+--------+

Top non-repeatable levels by time:
     D:3: 905 daAuts
     D:2: 720 daAuts
     D:4: 622 daAuts
     D:1: 592 daAuts
     D:5: 423 daAuts
